 Dungeon Crawl Stone Soup version 0.32-a0-612-g1c984fe (webtiles) character file.

Game seed: 18032928131653469477

48626 staltz the Brawler (level 14, 0/101 HPs)
             Began as a Djinni Shapeshifter on Feb 25, 2024.
             Was an Elder of Wu Jian.
             Slain by a catoblepas (22 damage)
             ... on level 5 of the Lair of Beasts on Mar 4, 2024.
             The game lasted 01:41:36 (27933 turns).

staltz the Brawler (Djinni Shapeshifter)           Turns: 27933, Time: 01:41:37

Health: 0/101      AC: 19    Str: 15    XL:     14   Next: 87%
Gold:   903        EV: 10    Int: 14    God:    Wu Jian [****..] SH: 10 Dex: 19

rFire   + +          .
                       - Unarmed
rCold   x . .        R - +1 kite shield "Daqet" {Harm rPois Will- Dex+5}
rNeg    . . .        u - +8 chain mail {ponderous}
rPois   ∞            (helmet currently unavailable)
rElec   .            (cloak currently unavailable)
rCorr   .            (gloves currently unavailable)
SInv    .            (boots unavailable)
Will    .....        J - amulet of regeneration Stlth
                     (no ring)
HPRegen 1.16/turn    (no ring)
MPRegen 0.00/turn

%: harm (+30% outgoing, +20% incoming), infuse magic (-1 HP)
@: about to teleport, beast-form, flying, studying Fire Magic, slow
A: beast (slay +4), flying, sickness immunity, fire resistance 2, cold
vulnerability 1, float, innate caster, HP casting, extra vitality 1
a: Begin Untransformation, Renounce Religion, Wall Jump, Serpent's Lash


You were on level 5 of the Lair of Beasts.
You worshipped Wu Jian.
Wu Jian was greatly pleased with you.
You were a hulking beast.
You visited 2 branches of the dungeon, and saw 17 of its levels.

You collected 1162 gold pieces.
You spent 259 gold pieces at shops.

Inventory:

Missiles
 n - 34 stones
 t - 5 javelins
 F - 15 poisoned darts
 G - 8 boomerangs
Armour
 e - a +2 leather armour of fire resistance
 u - a +8 chain mail of ponderousness (worn)
 v - the orb "Umedy" {light, rC+}
   (You found it on level 1 of the Lair of Beasts)

   rC+:       It protects you from cold.
 x - a +2 hat
 B - a +1 leather armour of willpower
 E - a +0 cloak
 I - a +2 scale mail of cold resistance
 R - the +1 kite shield "Daqet" (worn) {Harm rPois Will- Dex+5}
   (You took it off a gnoll sergeant on level 6 of the Dungeon)

   Dex+5:     It affects your dexterity (+5).
   rPois:     It protects you from poison.
   Will-:     It decreases your willpower.
   Harm:      It increases damage dealt and taken.
Magical Staves
 A - a staff of earth
Jewellery
 y - a ring of ice
 J - an amulet of regeneration (around neck)
 O - an amulet of the acrobat
 W - a ring of see invisible
Talismans
 c - a beast talisman (active)
 d - a flux talisman
Wands
 l - a wand of flame (39)
 L - a wand of paralysis (4)
 S - a wand of iceblast (6)
Scrolls
 b - 4 scrolls of amnesia
 h - 4 scrolls of immolation
 o - a scroll of brand weapon
 p - a scroll of vulnerability
 r - a scroll of teleportation
 s - a scroll of revelation
 z - 4 scrolls of enchant weapon
 D - a scroll of noise {unknown}
 K - a scroll of acquirement {unknown}
 N - 2 scrolls of enchant armour {unknown}
 P - a scroll of silence {unknown}
 Q - 2 scrolls of poison
 Y - 2 scrolls of identify
Potions
 a - a potion of invisibility
 f - 3 potions of enlightenment
 g - a potion of cancellation {unknown}
 i - 7 potions of curing
 j - 3 potions of heal wounds
 k - a potion of attraction {unknown}
 m - a potion of brilliance {unknown}
 q - 4 potions of mutation
 H - 2 potions of lignification
 M - a potion of resistance {unknown}
 X - a potion of might {unknown}


   Skills:
 * Level 9.5 Fighting
 - Level 0.7 Throwing
 + Level 10.1 Armour
 * Level 8.8 Dodging
 + Level 3.5 Stealth
 + Level 2.1 Shields
 + Level 16.0 Unarmed Combat
 * Level 6.6 Evocations
 - Level 7.1 Shapeshifting


You knew the following spells:

 Your Spells              Type           Power      Damage    Failure   Level
a - Kiss of Death         Conj/Necr      0%         2d5       100%        1
b - Jinxbite              Hex            0%         N/A       100%        2
c - Call Canine Familiar  Summ           0%         N/A       100%        3
d - Passage of Golubria   Tloc           0%         N/A       100%        4
e - Summon Lightning Spi  Summ/Air       0%         N/A       100%        4
f - Freezing Cloud        Conj/Ice/Air   0%         6-21      100%        5
Your spell library was empty.


Dungeon Overview and Level Annotations

Branches:
Dungeon (12/15)            Temple (0/1) D:4            Lair (5/5) D:10
 Shoals (0/4) Lair:2       Spider (0/4) Lair:3        Slime (0/5) Lair:4
    Orc (0/2) D:11

Altars:
Ashenzari
Dithmenos
Fedhas
Gozag
Hepliaklqana
Makhleb
Okawaru
Qazlal
Ru
Trog
Wu Jian
Xom
Yredelemnul
The Shining One
Jiyva

Shops:
D:1 [   D:11 ((*[   D:12 !

Annotations:
D:5 1 runed translucent door, exclusion: moth of wrath
D:7 exclusion: gnoll bouda
D:8 exclusion: 2 downstairs
D:11 4 runed translucent doors
Lair:2 Erica
Lair:3 1 runed translucent door, blister's ghost, journeyman BaAr


Innate Abilities, Weirdness & Mutations

You are a hulking beast.
Your limbs bulge with bestial killing power. (Slay +4)
You are flying.
You are immune to sickness and miasma.
You are immune to poison.
Your flesh is very heat resistant. (rF++)
You are vulnerable to cold. (rC-)
You float through the air rather than walking.
You learn spells naturally, not from books.
Your magical power is your life essence.
You have superior vitality. (+4 MHP)


Message History

The elephant trunk-slaps you.
You hit the elephant.
The elephant is heavily wounded.
The elephant barely misses you. You block the elephant's attack.
You punch the elephant!
The elephant is heavily wounded.
The elephant looks more healthy.
The elephant tramples you!
You hold your ground!
The elephant trunk-slaps you but does no damage.
You punch the elephant!
The elephant is almost dead.
The elephant tramples you but does no damage.
The elephant barely misses you.
You punch the elephant!
You kill the elephant!
The Council accepts your kill.
Aiming: Throw Flame
Press: ? - help, Shift-Dir - straight line, f - catoblepas
Aim: a catoblepas (100% to hit)
The puff of flame hits the catoblepas.
The catoblepas is lightly wounded.
The catoblepas gores you!
* * * LOW HITPOINT WARNING * * *
Aiming: Paralyse
Press: ? - help, Shift-Dir - straight line, f/p - catoblepas
Aim: a catoblepas (lightly wounded, chance to affect: 7%)
Okay, then.
Unknown command.
Unknown command.
Okay, then.
As you read the scroll of fear, it crumbles to dust.
You assume a fearsome visage.
The catoblepas resists with some effort.
The catoblepas barely misses you.
As you read the scroll of teleportation, it crumbles to dust.
You feel strangely unstable.
The catoblepas gores you but does no damage.
Okay, then.
The catoblepas gores you!!
You die...

#......#.....###.
#........†.#.# ##
##.......†...# #
#..##.....#####P
#..###.#..###...
##.# ####....#..
### ##.#......
##### ##.#....###
#h#.####.#....##
#(Y#.#.##.#..#.#
##.##.#.......##
##............#
##....##......#
#....##.#.....
##..### ##P..##
#....# ..# #...##
..#


You could see a catoblepas.

Vanquished Creatures
  Snorg (D:11)
  A hydra (Lair:5)
  6 two-headed ogres
  2 boulder beetles
  11 death yaks
  2 skysharks
  A skeletal warrior (D:11)
  Lodul (D:11)
  The ghost of DiveintoAbyss the Mimic, a novice NaSh of Wu Jian (D:6)
  A harpy (shapeshifter) (D:11)
  An ugly thing (D:11)
  A manticore (D:11)
  11 elephants
  A gargoyle (D:11)
  19 cane toads
  A kobold demonologist (D:9)
  A freezing wraith (D:11)
  An unseen horror (D:11)
  3 rime drakes
  3 komodo dragons
  Psyche (D:10)
  A polar bear (Lair:1)
  3 trolls
  3 tyrant leeches
  A hornet (D:11)
  3 merfolk (Lair:2)
  6 blink frogs
  Grinder (D:5)
  5 slime creatures (D:11)
  3 shadows
  3 culicivoras (Lair:3)
  Sigmund (D:4)
  33 yaks
  A wraith (D:10)
  3 wyverns
  4 basilisks
  Eustachio (D:4)
  2 steam dragons
  Menkaure (D:5)
  4 vampire mosquitoes
  3 acid dragons
  Edmund (D:4)
  8 water moccasins
  4 orc warriors
  11 ogres
  2 ice beasts
  A black bear (Lair:3)
  6 centaurs
  11 wolves
  6 kobold brigands
  A phantom (D:4)
  10 bullfrogs
  3 gnoll sergeants
  5 scorpions
  4 wights (D:8)
  2 killer bees (D:11)
  5 howler monkeys
  6 electric eels
  9 jellies
  4 bombardier beetles
  8 orc priests
  5 gnoll boudas
  2 hounds
  Natasha (twice) (D:3)
  4 iguanas
  14 orc wizards
  A sleepcap (D:8)
  4 hell rats
  22 gnolls
  8 adders
  A white imp (D:6)
  2 ufetubi (D:3)
  3 dart slugs
  46 orcs
  6 endoplasms
  2 giant cockroaches (D:1)
  9 goblins
  7 hobgoblins
  19 kobolds
  6 quokkas
  10 ball pythons
  4 bats
  11 frilled lizards
  A kobold skeleton (D:5)
  12 rats
460 creatures vanquished.

Notes
Turn   | Place    | Note
-------+----------+-------------------------------------------
     0 | D:1      | staltz the Djinni Shapeshifter began the quest for the Orb.
     0 | D:1      | Reached XP level 1. HP: 17/17 MP: 0/0
    35 | D:1      | Upgraded the game from 0.32-a0-471-gb91d5d9 to
                  | 0.32-a0-587-gb28a26c
    53 | D:1      | Reached XP level 2. HP: 16/22 MP: 0/0
   245 | D:1      | Found Peuphucu's Antique Armour Boutique.
   386 | D:1      | Reached XP level 3. HP: 23/27 MP: 0/0
   386 | D:1      | Learned a level 1 spell: Kiss of Death
   919 | D:2      | Reached XP level 4. HP: 31/32 MP: 0/0
   972 | D:2      | Reached skill level 4 in Unarmed Combat
  1148 | D:2      | Found a faded altar of an unknown god.
  2155 | D:3      | Reached XP level 5. HP: 34/37 MP: 0/0
  2155 | D:3      | Learned a level 2 spell: Jinxbite
  2430 | D:3      | Reached skill level 5 in Unarmed Combat
  2430 | D:3      | Reached XP level 6. HP: 42/42 MP: 0/0
  2559 | D:3      | Noticed Natasha
  2568 | D:3      | Killed Natasha
  2689 | D:3      | Noticed Natasha
  2696 | D:3      | Killed Natasha
  2712 | D:3      | Found a sacrificial altar of Ru.
  2720 | D:3      | Found an ornate altar of the Wu Jian Council.
  2724 | D:3      | Became a worshipper of the Wu Jian Council
  3112 | D:3      | Reached skill level 1 in Armour
  3395 | D:4      | Noticed Sigmund
  3650 | D:4      | Noticed Eustachio
  3761 | D:4      | Killed Eustachio
  3762 | D:4      | Reached XP level 7. HP: 20/47 MP: 0/0
  3762 | D:4      | Learned a level 3 spell: Call Canine Familiar
  4034 | D:4      | Found a hazy altar of Hepliaklqana.
  4051 | D:4      | Found a broken altar of Ashenzari.
  4348 | D:4      | Found a staircase to the Ecumenical Temple.
  4363 | D:4      | Reached skill level 1 in Evocations
  4803 | D:5      | Entered Level 5 of the Dungeon
  5028 | D:4      | Noticed Edmund
  5064 | D:4      | Killed Edmund
  5065 | D:4      | Reached skill level 1 in Stealth
  5065 | D:4      | Reached skill level 6 in Unarmed Combat
  5470 | D:4      | Killed Sigmund
  5471 | D:4      | Reached XP level 8. HP: 46/54 MP: 0/0
  5811 | D:4      | Reached * piety under Wu Jian
  5924 | D:5      | Noticed Grinder
  5925 | D:5      | Upgraded the game from 0.32-a0-587-gb28a26c to
                  | 0.32-a0-599-gba8f9cf
  5938 | D:5      | Killed Grinder
  5939 | D:5      | Reached skill level 7 in Unarmed Combat
  6502 | D:5      | Noticed Menkaure
  6527 | D:5      | Killed Menkaure
  6528 | D:5      | Reached XP level 9. HP: 12/59 MP: 0/0
  6528 | D:5      | Learned a level 4 spell: Passage of Golubria
  6777 | D:5      | Found a runed translucent door.
  6791 | D:5      | Found a basalt altar of Yredelemnul.
  6945 | D:5      | Noticed a moth of wrath
  7005 | D:5      | Found a bloodstained altar of Trog.
  7025 | D:5      | Upgraded the game from 0.32-a0-599-gba8f9cf to
                  | 0.32-a0-607-g64ea0e4
  7238 | D:6      | Reached skill level 5 in Dodging
  7238 | D:6      | Reached skill level 8 in Unarmed Combat
  7537 | D:6      | Reached ** piety under Wu Jian
  7895 | D:6      | Identified the +3 spear "Peef" {pain, *Slow rElec Int+5
                  | Dex+3}
  7895 | D:6      | Identified the +1 kite shield "Daqet" {Harm rPois Will-
                  | Dex+5}
  7905 | D:6      | Noticed DiveintoAbyss's ghost (novice NaSh)
  7912 | D:6      | Found a transporter.
  7963 | D:6      | Found a transporter.
  8844 | D:7      | Reached skill level 9 in Unarmed Combat
  9228 | D:7      | Found an opulent altar of Gozag.
  9738 | D:7      | Reached XP level 10. HP: 56/67 MP: 0/0
 10101 | D:7      | Noticed a manticore
 10226 | D:7      | Reached skill level 10 in Unarmed Combat
 10857 | D:8      | Reached skill level 5 in Shapeshifting
 12078 | D:9      | Found a blossoming altar of Fedhas.
 12120 | D:9      | Noticed a kobold demonologist
 12134 | D:9      | Noticed an orange demon
 12138 | D:9      | Noticed a smoke demon
 12189 | D:9      | Killed a kobold demonologist
 12189 | D:9      | Reached *** piety under Wu Jian
 12433 | D:8      | Found a shadowy altar of Dithmenos.
 12588 | D:8      | Found a glowing golden altar of the Shining One.
 12594 | D:8      | Found a stormy altar of Qazlal.
 13278 | D:8      | Reached skill level 5 in Armour
 13432 | D:8      | Reached XP level 11. HP: 50/74 MP: 0/0
 13432 | D:8      | Learned a level 4 spell: Summon Lightning Spire
 13941 | D:8      | Reached skill level 11 in Unarmed Combat
 13954 | D:8      | Reached skill level 5 in Fighting
 14513 | D:9      | Noticed a two-headed ogre
 14860 | D:10     | Entered Level 10 of the Dungeon
 14860 | D:10     | Found a burning altar of Makhleb.
 15301 | D:9      | Killed a two-headed ogre
 15431 | D:10     | Found an iron altar of Okawaru.
 15451 | D:10     | Found a staircase to the Lair.
 15838 | D:10     | Noticed a two-headed ogre
 16468 | D:11     | Noticed Snorg
 16468 | D:11     | Noticed a two-headed ogre
 16512 | D:11     | Noticed a two-headed ogre
 16552 | D:11     | Killed a two-headed ogre
 16564 | D:11     | Killed a two-headed ogre
 16565 | D:11     | Reached skill level 12 in Unarmed Combat
 16597 | D:11     | Found a large runed translucent door.
 16597 | D:11     | Found a large runed translucent door.
 16600 | D:11     | Found a large runed translucent door.
 16600 | D:11     | Found a large runed translucent door.
 16602 | D:11     | Noticed a five-headed hydra
 16613 | D:11     | Found Qeemi's Antique Weapon Shoppe.
 16699 | D:11     | Noticed Psyche
 16819 | D:10     | Reached **** piety under Wu Jian
 16847 | D:10     | Killed Psyche
 17272 | D:11     | Noticed a two-headed ogre
 17284 | D:12     | Reached XP level 12. HP: 70/83 MP: 0/0
 17388 | D:12     | Identified the +1 war axe "Gaz Koffio" {chaos, rC+}
 17394 | D:12     | Noticed a skeletal warrior
 17447 | D:12     | Noticed a skeletal warrior
 17467 | D:12     | Found Cyzoett's Distillery.
 17468 | D:12     | Noticed a two-headed ogre
 17484 | D:12     | Killed a two-headed ogre
 17516 | D:12     | Bought a potion of invisibility for 120 gold pieces
 17516 | D:12     | Bought a potion of heal wounds for 75 gold pieces
 17523 | D:12     | Noticed a skeletal warrior
 17534 | D:12     | Noticed a skeletal warrior
 17600 | D:11     | Found Susaasm's Antique Weapon Boutique.
 17837 | D:10     | Killed a two-headed ogre
 17964 | Lair:1   | Entered Level 1 of the Lair of Beasts
 18655 | Lair:1   | Identified the orb "Umedy" {light, rC+}
 19888 | Lair:2   | Noticed Erica
 19891 | Lair:2   | Noticed a death yak
 19892 | Lair:2   | Noticed a death yak
 19895 | Lair:2   | Noticed a death yak
 19947 | Lair:1   | Killed a death yak
 19947 | Lair:1   | Reached skill level 13 in Unarmed Combat
 20481 | Lair:2   | You are sucked into a shaft and drop 2 floors!
 20535 | Lair:4   | Noticed a skyshark
 21082 | Lair:3   | Noticed a boulder beetle
 21502 | Lair:3   | Killed a boulder beetle
 21791 | Lair:3   | Reached XP level 13. HP: 90/91 MP: 0/0
 21791 | Lair:3   | Learned a level 5 spell: Freezing Cloud
 21904 | Lair:3   | Found a hole to the Spider Nest.
 22200 | Lair:3   | Found a runed translucent door.
 22201 | Lair:3   | Found a shimmering altar of Xom.
 22201 | Lair:3   | Noticed blister's ghost (journeyman BaAr)
 22416 | Lair:3   | Reached skill level 14 in Unarmed Combat
 22809 | Lair:2   | Found a staircase to the Shoals.
 23541 | D:11     | Killed Snorg
 23652 | D:11     | Noticed Lodul
 23720 | D:11     | Found Cazit's Antique Armour Emporium.
 23851 | D:11     | Killed Lodul
 24148 | D:11     | Reached skill level 5 in Evocations
 24262 | D:11     | Identified the +1 leather armour of Tartarus {rPois Str+4}
 24798 | D:11     | Found a staircase to the Orcish Mines.
 24927 | D:11     | Found Wohick's General Store.
 24936 | D:11     | Bought a scroll of immolation for 64 gold pieces
 24971 | D:11     | Upgraded the game from 0.32-a0-607-g64ea0e4 to
                  | 0.32-a0-612-g1c984fe
 25141 | D:6      | Reached XP level 14. HP: 99/99 MP: 0/0
 25212 | D:6      | Killed DiveintoAbyss's ghost
 25213 | D:6      | Reached skill level 15 in Unarmed Combat
 25740 | Lair:4   | Found a viscous altar of Jiyva.
 25818 | Lair:4   | Found a staircase to the Slime Pits.
 26745 | Lair:5   | Entered Level 5 of the Lair of Beasts
 27216 | Lair:5   | Reached skill level 1 in Shields
 27491 | Lair:5   | Reached skill level 10 in Armour
 27902 | Lair:5   | Reached skill level 16 in Unarmed Combat
 27933 | Lair:5   | Slain by a catoblepas

Illustrated notes

Levels and vault maps discovered:
D:1:      dpeg_arrival_tiny_c, layout_basic, serial_shops, shop, minmay_unequal
D:2:      layout_basic, basic_ecumenical_altar, interstate_on_off
D:3:      layout_basic, mainiacjoe_overflow_big_doors, chequers_big_river,
          st_stairs_2, uniq_natasha
D:4:      layout_cave_pods, nicolae_ashenzari_panopticon, lemuel_crystal_altar,
          minmay_temple_entry_glass, uniq_eustachio, uniq_sigmund, uniq_edmund
D:5:      layout_rooms, dk_yredelemnul_ordeal, tgw_trog, uniq_menkaure,
          uniq_grinder
D:6:      layout_basic, gammafunk_ghost_gnarly_gnolls
D:7:      nzn_winding_woodlands_three_and_one
          [nzn_winding_woodlands_5x15_pockets,
          nzn_winding_woodlands_5x15_jagged,
          nzn_winding_woodlands_5x15_sidewinder,
          nzn_winding_woodlands_center_lodge], layout_gridville,
          lemuel_doored_altar, kennysheep_generic_room_2
D:8:      layout_cave_pools, nicolae_dithmenos_shadow_blocks,
          lemuel_crystal_altar, minmay_overflow_temple_star_quad
D:9:      layout_small_grid, fedhas_altar_2
D:10:     layout_basic, okawaru_trees_2, bloody_makhleb, lair_entry_dummy
D:11:     layout_cross, hiddenorc1_lemuel, serial_shops, shop,
          nicolae_lakefront_shop, kennysheep_mini, shop,
          minmay_hollow_rounded_squares, uniq_psyche, uniq_snorg, uniq_lodul
D:12:     layout_grid_maze, serial_shops, shop
Lair:1:   layout_cave_pods, disabler_island, serial_bayou_shore_a
Lair:2:   layout_cave_pods, mainiacjoe_shoals_entry_four_pools, uniq_erica
Lair:3:   layout_cave_pods, hellmonk_spider_entry_life_and_decay,
          ebering_ghost_xom, infiniplex_staircase_pool
Lair:4:   layout_roguey, nicolae_slime_entry_field_trip
Lair:5:   minmay_lair_end_frog_pond, layout_layer_cave

Skill      XL: |  1  2  3  4  5  6  7  8  9 10 11 12 13 14 |
---------------+-------------------------------------------+-----
Shapeshifting  | 3 4 5 6 7 |  7.1
Unarmed Combat | 4 5 6 7 9 10 12 13 14 16 | 16.0
Dodging        | 3 4 5 6 7 8 |  8.8
Armour         | 1 2 3 4 5 6 8 9 10 | 10.1
Evocations     | 1 2 3 5 6 |  6.6
Stealth        | 1 2 3 |  3.5
Fighting       | 2 3 4 6 7 8 9 |  9.5
Shields        | 2 |  2.1
Throwing       | |  0.7

Action                     |  1- 3 |  4- 6 |  7- 9 | 10-12 | 13-15 || total
---------------------------+-------+-------+-------+-------+-------++-------
  Melee: Unarmed           |    94 |   180 |   317 |   575 |   653 ||  1819
         Punch             |     1 |     4 |    14 |    33 |       ||    52
  Throw: Stone             |       |    13 |    16 |    52 |       ||    81
         Dart              |       |     6 |    49 |    64 |    17 ||   136
         Javelin           |       |     2 |    10 |    14 |       ||    26
         Boomerang         |       |       |       |       |     3 ||     3
         Throwing net      |       |       |       |       |     2 ||     2
   Cast: Jinxbite          |       |       |     1 |       |       ||     1
 Invoke: Serpent's Lash    |       |       |       |    11 |    13 ||    24
Ability: Lunge             |       |       |    17 |    29 |    25 ||    71
         Whirlwind         |       |       |    10 |    71 |    99 ||   180
         Wall Jump         |       |       |     1 |     8 |    10 ||    19
  Evoke: Wand              |       |    12 |    28 |    18 |    17 ||    75
    Use: Scroll            |       |     3 |     5 |    19 |     2 ||    29
         Potion            |       |     2 |     3 |     3 |     4 ||    12
   Stab: Sleeping          |       |       |     2 |       |       ||     2
         Paralysed         |       |       |     2 |     9 |     5 ||    16
 Armour: Animal skin       |    33 |    18 |       |       |       ||    51
         Ring mail         |       |    89 |       |       |       ||    89
         Skin              |       |    65 |     6 |       |       ||    71
         Leather armour    |       |       |   163 |    21 |       ||   184
         Chain mail        |       |       |       |   388 |   451 ||   839
         Scale mail        |       |       |       |    67 |       ||    67
  Dodge: Dodged            |    50 |   108 |   140 |   301 |   207 ||   806
  Block: Kite shield       |       |       |       |       |    85 ||    85

Table legend: (Time is in decaauts)
 A = Elapsed time spent in this place.
 B = Non-inter-level travel time spent in this place.
 C = Inter-level travel time spent in this place.
 D = Time resting spent in this place.
 E = Time spent auto-exploring this place.
 F = Levels seen in this place.
 G = Mean time per level.
                   A        B        C        D        E       F      G
               +--------+--------+--------+--------+--------+-----+--------+
         Total |  28400 |  26741 |   1659 |  10206 |  10123 |  17 | 1670.6 |
       Dungeon |  20272 |  18991 |   1281 |   7432 |   6837 |  12 | 1689.3 |
          Lair |   8128 |   7751 |    377 |   2773 |   3285 |   5 | 1625.6 |
               +--------+--------+--------+--------+--------+-----+--------+

Top non-repeatable levels by time:
     D:8: 2700 daAuts
    D:10: 2521 daAuts
     D:4: 2219 daAuts
  Lair:3: 2112 daAuts
     D:7: 2089 daAuts
  Lair:4: 2029 daAuts
     D:6: 1997 daAuts
  Lair:1: 1872 daAuts
    D:11: 1829 daAuts
     D:5: 1595 daAuts
     D:3: 1523 daAuts
  Lair:2: 1515 daAuts
     D:9: 1494 daAuts
     D:2: 1237 daAuts
     D:1: 719 daAuts
